Predators vs Flyers

Created - 31 janvier 2018 at 17:52

Goals
1 2 3 T
Predators 0 2 2 4
Flyers 1 2 0 3
Shots
1 2 3 T
Predators 4 7 17 28
Flyers 4 14 7 25

1st period

1. Flyers , Ben Hutton 3 (Bo Horvat 22, Matt Benning 3) at 4:13

Penalties :
No Penalty

2nd period

2. Predators , Vladislav Namestnikov 7 (Max Pacioretty 26, Nicklas Backstrom 35) at 11:19
3. Flyers , Andre Burakovsky 9 (Ben Hutton 6, Alexander Killorn 10) at 14:28
4. Flyers , Bo Horvat 12 (Thomas Vanek 18, Damon Severson 11) at 17:56
5. Predators , Elias Lindholm 10 (Roman Josi 30, J.T. Miller 23) at 18:16

Penalties :
Roman Josi (NSH) for Hooking (Minor) at 0:05

3rd period

6. Predators , Jaden Schwartz 22 (Roman Josi 31, Steven Stamkos 27) at 3:56
7. Predators , Max Pacioretty 25 (Roman Josi 32, Nicklas Backstrom 36) at 7:03

Penalties :
Steven Stamkos (NSH) for Slashing (Minor) at 4:09, Riley Sheahan (PHI) for Roughing (Minor) at 9:47, Connor Murphy (NSH) for Holding (Minor) at 18:09

Goalie Stats

Pekka Rinne (NSH), 22 saves from 25 shots - (0.880), W, 21-14-4, 60:00 minutes
Steve Mason (PHI), 24 saves from 28 shots - (0.857), L, 14-24-4, 59:09 minutes

Players Stats for Predators

Player Name              G  A  P  +/- PIM S  H  SB GA TA FO     MP     PP MP  PK MP  
------------------------------------------------------------------------------------
Chris Kelly              0  0  0   0  0   0  0  0  0  0  5/12    7:31   0:00   1:13 
Colton Sissons           0  0  0   0  0   0  1  0  0  0  0/0     6:18   0:00   0:00 
Connor Murphy            0  0  0   1  2   0  2  2  0  0  0/0    17:59   0:45   2:06 
Elias Lindholm           1  0  1   1  0   1  3  1  0  0  0/1    14:12   0:00   0:35 
J.T. Miller              0  1  1   1  0   1  0  0  0  0  2/4    16:03   0:49   1:37 
Jaden Schwartz           1  0  1  -1  0   3  0  0  0  0  0/1    17:15   1:10   0:00 
John Moore               0  0  0  -2  0   5  3  0  0  0  0/0    18:16   0:34   1:17 
Kevin Hayes              0  0  0  -1  0   3  4  0  0  0  1/1    16:05   0:00   0:00 
Max Pacioretty           1  1  2   1  0   4  1  1  0  0  0/1    21:13   0:49   4:11 
Milan Michalek           0  0  0   0  0   0  0  0  0  0  0/0     6:18   0:00   0:00 
Nick Leddy               0  0  0  -2  0   0  0  1  0  0  0/0    22:36   0:40   4:13 
Nicklas Backstrom        0  2  2   1  0   2  0  0  0  0  17/20  18:31   0:49   1:15 
Nikita Zadorov           0  0  0   1  0   0  0  0  0  0  0/0    14:23   0:00   0:18 
Oscar Klefbom            0  0  0   2  0   1  0  0  0  0  0/0    22:52   0:45   1:42 
Roman Josi               0  3  3   2  2   0  0  1  0  0  0/0    23:38   1:14   2:00 
Steven Stamkos           0  1  1  -1  2   2  1  0  0  0  17/27  19:59   1:10   2:45 
Vincent Trocheck         0  0  0   1  0   3  2  0  0  0  7/14   14:47   1:10   0:00 
Vladislav Namestnikov    1  0  1   1  0   3  0  0  0  0  1/1    16:13   0:00   0:00 

Players Stats for Flyers

Player Name              G  A  P  +/- PIM S  H  SB GA TA FO     MP     PP MP  PK MP  
------------------------------------------------------------------------------------
Alexander Killorn        0  1  1  -1  0   2  1  0  0  0  3/14   15:45   0:00   0:44 
Andre Burakovsky         1  0  1  -1  0   3  1  0  0  0  0/1    17:31   2:08   0:22 
Andrew MacDonald         0  0  0  -1  0   0  2  0  0  0  0/0    16:21   0:00   0:18 
Ben Hutton               1  1  2   0  0   1  1  1  0  0  0/0    18:24   0:00   0:40 
Bo Horvat                1  1  2   1  0   6  3  0  0  0  15/31  20:06   3:40   0:00 
Calle Jarnkrok           0  0  0   0  0   3  0  0  0  0  0/5    14:39   2:08   0:43 
Casey Cizikas            0  0  0   0  0   2  1  0  0  0  7/13   14:28   2:08   0:32 
Damon Severson           0  1  1   0  0   0  2  1  0  0  0/0    23:25   3:40   1:19 
Joel Ward                0  0  0   0  0   0  0  0  0  0  1/1    12:31   0:00   0:43 
Jonathan Ericsson        0  0  0   0  0   1  2  1  0  0  0/0    21:53   2:08   1:19 
Jori Lehtera             0  0  0  -1  0   0  2  0  0  0  6/13    8:58   0:00   0:00 
Josh Ho-Sang             0  0  0  -1  0   0  0  0  0  0  0/1    15:01   0:00   0:00 
Kyle Brodziak            0  0  0  -1  0   0  1  1  0  0  0/2     9:52   0:00   0:54 
Matt Benning             0  1  1   0  0   0  1  1  0  0  0/0    20:14   2:08   0:22 
Riley Sheahan            0  0  0  -1  2   0  0  0  0  0  0/0     8:57   0:00   0:00 
Scott Hartnell           0  0  0   1  0   3  4  0  0  0  0/1    20:06   3:40   0:00 
Thomas Vanek             0  1  1   1  0   3  3  0  0  0  0/0    20:06   3:40   0:00 
Troy Stecher             0  0  0  -1  0   1  0  1  0  0  0/0    19:43   3:40   0:00 

3 Stars

1 - Bo Horvat (PHI)
2 - Max Pacioretty (NSH)
3 - Elias Lindholm (NSH)

Power Play

Predators - 0 on 1 Attempt(s) - 0.00%
Flyers - 0 on 3 Attempt(s) - 0.00%

Penalty Kill

Predators - 3 on 3 Attempt(s) - 100.00% - Score 0 goal in Penalty Kill
Flyers - 1 on 1 Attempt(s) - 100.00% - Score 0 goal in Penalty Kill

Team Stat

Predators - Hits : 17 - Faceoff Wins : 50 - Blocked Shots : 6 - Penalty Minutes : 6
Flyers - Hits : 24 - Faceoff Wins : 32 - Blocked Shots : 6 - Penalty Minutes : 2

Official

Referees : Dave Jackson and Kendrick Nicholson
Linesman : Steve Barton and Tony Sericolo

Game Notes

No Game Note

Finance

Level 1 -- Attendance: 5568 (85.66%) -- Ticket Income 612 480 $
Level 2 -- Attendance: 4576 (91.52%) -- Ticket Income 375 232 $
Level 3 -- Attendance: 2897 (82.77%) -- Ticket Income 182 511 $
Level 4 -- Attendance: 3288 (92.96%) -- Ticket Income 65 760 $
Luxury Box -- Attendance: 986 (98.60%) -- Ticket Income 221 850 $
Game was played at the Wells Fargo Center.
Total Attendance: 17315 (88.63%)
Total Ticket Income: 1 457 833 $
Other Income: 218 675 $
Total Income: 1 676 508 $

% Time on Ice - Predators

Lines # - Real PCT - Wanted PCT - Time Play
Normal Forward
1 - 31% - 33% - 16:13
2 - 31% - 32% - 16:05
3 - 26% - 25% - 13:37
4 - 12% - 10% - 6:18
Normal Defense
1 - 39% - 40% - 20:25
2 - 32% - 34% - 16:39
3 - 27% - 24% - 14:05
4 - 2% - 2% - 1:04
PP Forward
1 - 41% - 60% - 0:49
2 - 59% - 40% - 1:10
PP Defense
1 - 62% - 60% - 1:14
2 - 38% - 40% - 0:45
PK Forward
1 - 78% - 60% - 4:33
2 - 22% - 40% - 1:15
PK Defense
1 - 71% - 60% - 4:06
2 - 29% - 40% - 1:42
PK3 Forward
1 - 0% - 60%
2 - 0% - 40%
PK3 Defense
1 - 0% - 60%
2 - 0% - 40%
44 Forward
1 - 0% - 60%
2 - 0% - 40%
44 Defense
1 - 0% - 60%
2 - 0% - 40%
Last Minute Offensive  - 0:00
Last Minute Defensive  - 0:00
Total
Forward - 60:00
Defense - 60:00

% Time on Ice - Flyers

Lines # - Real PCT - Wanted PCT - Time Play
Normal Forward
1 - 31% - 35% - 16:26
2 - 29% - 30% - 15:01
3 - 23% - 23% - 11:48
4 - 17% - 12% - 8:58
Normal Defense
1 - 35% - 42% - 18:26
2 - 34% - 34% - 17:44
3 - 31% - 24% - 16:03
4 - 0% - 0% - 0:00
PP Forward
1 - 63% - 60% - 3:40
2 - 37% - 40% - 2:08
PP Defense
1 - 63% - 60% - 3:40
2 - 37% - 40% - 2:08
PK Forward
1 - 64% - 60% - 1:16
2 - 36% - 40% - 0:43
PK Defense
1 - 66% - 50% - 1:19
2 - 34% - 50% - 0:40
PK3 Forward
1 - 0% - 60%
2 - 0% - 40%
PK3 Defense
1 - 0% - 60%
2 - 0% - 40%
44 Forward
1 - 0% - 60%
2 - 0% - 40%
44 Defense
1 - 0% - 60%
2 - 0% - 40%
Last Minute Offensive  - 0:00
Last Minute Defensive  - 0:00
Total
Forward - 60:00
Defense - 60:00

Play by Play

1st period


0:01 of 1st period - Nicklas Backstrom wins face-off versus Bo Horvat in neutral zone.
0:06 of 1st period - Shot by Nicklas Backstrom.
0:06 of 1st period - Shot Blocked by Jonathan Ericsson.
0:16 of 1st period - Shot by Max Pacioretty.
0:16 of 1st period - Shot Misses the Net.
1:38 of 1st period - Shot by Steven Stamkos.
1:38 of 1st period - Deflect By Kevin Hayes.
1:38 of 1st period - Shot Misses the Net.
2:33 of 1st period - Icing by Nikita Zadorov.
2:34 of 1st period - Vincent Trocheck wins face-off versus Kyle Brodziak in Predators zone.
2:36 of 1st period - Elias Lindholm is hit by Jori Lehtera and loses puck.
2:54 of 1st period - Icing by Connor Murphy.
2:55 of 1st period - Vincent Trocheck wins face-off versus Bo Horvat in Predators zone.
2:55 of 1st period - Vincent Trocheck is hit by Scott Hartnell.
3:04 of 1st period - Off-side.
3:05 of 1st period - Alexander Killorn wins face-off versus Chris Kelly in neutral zone.
3:16 of 1st period - Roman Josi is hit by Andre Burakovsky and loses puck.
3:33 of 1st period - Icing by Roman Josi.
3:34 of 1st period - Chris Kelly wins face-off versus Bo Horvat in Predators zone.
3:44 of 1st period - Icing by Bo Horvat.
3:45 of 1st period - Steven Stamkos wins face-off versus Bo Horvat in Flyers zone.
4:02 of 1st period - Shot by Kevin Hayes.
4:02 of 1st period - Shot Blocked by Matt Benning.
4:11 of 1st period - Shot by Bo Horvat.
4:11 of 1st period - Shot Misses the Net.
4:13 of 1st period - Shot by Ben Hutton.
4:13 of 1st period - Goal by Ben Hutton - Predators : 0 - Flyers : 1.
4:14 of 1st period - Nicklas Backstrom wins face-off versus Jori Lehtera in neutral zone.
4:46 of 1st period - Icing by Jonathan Ericsson.
4:47 of 1st period - Jori Lehtera wins face-off versus Elias Lindholm in Flyers zone.
4:47 of 1st period - Riley Sheahan is hit by Elias Lindholm and loses puck.
6:04 of 1st period - Shot by Thomas Vanek.
6:04 of 1st period - Deflect By Bo Horvat.
6:04 of 1st period - Shot Blocked by Roman Josi.
6:54 of 1st period - Shot by Casey Cizikas.
6:54 of 1st period - Stopped by Pekka Rinne without a rebound.
6:55 of 1st period - Nicklas Backstrom wins face-off versus Alexander Killorn in Predators zone.
7:08 of 1st period - Shot by Max Pacioretty.
7:08 of 1st period - Shot Misses the Net.
7:28 of 1st period - Shot by Vladislav Namestnikov.
7:28 of 1st period - Shot Misses the Net.
8:08 of 1st period - Shot by Calle Jarnkrok.
8:08 of 1st period - Shot Misses the Net.
8:10 of 1st period - Shot by Troy Stecher.
8:10 of 1st period - Stopped by Pekka Rinne without a rebound.
8:11 of 1st period - Bo Horvat wins face-off versus Vincent Trocheck in Predators zone.
8:24 of 1st period - Shot by J.T. Miller.
8:24 of 1st period - Shot Misses the Net.
8:26 of 1st period - Shot by Oscar Klefbom.
8:26 of 1st period - Stopped by Steve Mason without a rebound.
8:27 of 1st period - Nicklas Backstrom wins face-off versus Jori Lehtera in Flyers zone.
8:28 of 1st period - Shot by Max Pacioretty.
8:28 of 1st period - Shot Misses the Net.
8:35 of 1st period - Vladislav Namestnikov is hit by Andrew MacDonald and loses puck.
9:00 of 1st period - Icing by Andrew MacDonald.
9:01 of 1st period - Jori Lehtera wins face-off versus Vincent Trocheck in Flyers zone.
9:01 of 1st period - Jori Lehtera is hit by Vincent Trocheck.
9:17 of 1st period - Shot by Vincent Trocheck.
9:17 of 1st period - Stopped by Steve Mason without a rebound.
9:18 of 1st period - Bo Horvat wins face-off versus Steven Stamkos in Flyers zone.
9:18 of 1st period - Bo Horvat is hit by Kevin Hayes.
9:24 of 1st period - Roman Josi is hit by Bo Horvat and loses puck.
9:43 of 1st period - Off-side.
9:44 of 1st period - Casey Cizikas wins face-off versus Vincent Trocheck in neutral zone.
10:19 of 1st period - Shot by Casey Cizikas.
10:19 of 1st period - Stopped by Pekka Rinne without a rebound.
10:20 of 1st period - Nicklas Backstrom wins face-off versus Bo Horvat in Predators zone.
10:36 of 1st period - Shot by Max Pacioretty.
10:36 of 1st period - Stopped by Steve Mason without a rebound.
10:37 of 1st period - Steven Stamkos wins face-off versus Alexander Killorn in Flyers zone.
10:54 of 1st period - Shot by Kevin Hayes.
10:54 of 1st period - Shot Misses the Net.
11:00 of 1st period - Shot by Jaden Schwartz.
11:00 of 1st period - Shot Blocked by Troy Stecher.
11:08 of 1st period - Shot by Jaden Schwartz.
11:08 of 1st period - Shot Misses the Net.
11:35 of 1st period - Nicklas Backstrom is hit by Bo Horvat and loses puck.
12:00 of 1st period - Shot by Bo Horvat.
12:00 of 1st period - Deflect By Scott Hartnell.
12:00 of 1st period - Shot Misses the Net.
12:43 of 1st period - Nick Leddy is hit by Matt Benning and loses puck.
13:16 of 1st period - Elias Lindholm is hit by Jori Lehtera and loses puck.
14:43 of 1st period - Shot by Scott Hartnell.
14:43 of 1st period - Shot Misses the Net.
15:13 of 1st period - Off-side.
15:14 of 1st period - Chris Kelly wins face-off versus Casey Cizikas in neutral zone.
16:10 of 1st period - Roman Josi is hit by Andrew MacDonald and loses puck.
16:39 of 1st period - Off-side.
16:40 of 1st period - Steven Stamkos wins face-off versus Alexander Killorn in neutral zone.
16:50 of 1st period - Steven Stamkos is hit by Ben Hutton and loses puck.
16:53 of 1st period - Shot by Kevin Hayes.
16:53 of 1st period - Shot Misses the Net.
16:55 of 1st period - Shot by Jaden Schwartz.
16:55 of 1st period - Stopped by Steve Mason without a rebound.
16:56 of 1st period - Vincent Trocheck wins face-off versus Jori Lehtera in Flyers zone.
17:00 of 1st period - Icing by Ben Hutton.
17:01 of 1st period - Jori Lehtera wins face-off versus Chris Kelly in Flyers zone.
17:15 of 1st period - Icing by Matt Benning.
17:16 of 1st period - Jori Lehtera wins face-off versus Steven Stamkos in Flyers zone.
17:38 of 1st period - Roman Josi is hit by Kyle Brodziak and loses puck.
18:15 of 1st period - Thomas Vanek is hit by Connor Murphy and loses puck.
18:32 of 1st period - Shot by Max Pacioretty.
18:32 of 1st period - Shot Misses the Net.
18:45 of 1st period - Andre Burakovsky is hit by Connor Murphy and loses puck.
Goals for this period are 0 for Predators vs 1 for Flyers.
Shots for this period are 4 for Predators vs 4 for Flyers.

2nd period


0:01 of 2nd period - Bo Horvat wins face-off versus Jaden Schwartz in neutral zone.
0:05 of 2nd period - Minor Penalty to Roman Josi for Hooking.
0:06 of 2nd period - Steven Stamkos wins face-off versus Bo Horvat in Predators zone.
0:06 of 2nd period - Steven Stamkos is hit by Thomas Vanek.
0:18 of 2nd period - Shot by Scott Hartnell.
0:18 of 2nd period - Stopped by Pekka Rinne with a rebound.
0:20 of 2nd period - Shot by Scott Hartnell.
0:20 of 2nd period - Shot Misses the Net.
0:22 of 2nd period - Shot by Scott Hartnell.
0:22 of 2nd period - Stopped by Pekka Rinne without a rebound.
0:23 of 2nd period - Steven Stamkos wins face-off versus Calle Jarnkrok in Predators zone.
0:49 of 2nd period - Icing by Andre Burakovsky.
0:50 of 2nd period - Steven Stamkos wins face-off versus Casey Cizikas in Flyers zone.
1:03 of 2nd period - Shot by Matt Benning.
1:03 of 2nd period - Shot Misses the Net.
1:41 of 2nd period - Shot by Bo Horvat.
1:41 of 2nd period - Shot Misses the Net.
1:43 of 2nd period - Shot by Damon Severson.
1:43 of 2nd period - Shot Misses the Net.
1:54 of 2nd period - Off-side.
1:55 of 2nd period - J.T. Miller wins face-off versus Calle Jarnkrok in neutral zone.
2:12 of 2nd period - Kyle Brodziak is hit by Colton Sissons and loses puck.
2:31 of 2nd period - Shot by Jori Lehtera.
2:31 of 2nd period - Deflect By Kyle Brodziak.
2:31 of 2nd period - Shot Misses the Net.
2:49 of 2nd period - Shot by Josh Ho-Sang.
2:49 of 2nd period - Shot Misses the Net.
2:51 of 2nd period - Shot by Troy Stecher.
2:51 of 2nd period - Shot Misses the Net.
2:53 of 2nd period - Shot by Andrew MacDonald.
2:53 of 2nd period - Shot Misses the Net.
2:55 of 2nd period - Shot by Alexander Killorn.
2:55 of 2nd period - Stopped by Pekka Rinne without a rebound.
2:56 of 2nd period - Vincent Trocheck wins face-off versus Casey Cizikas in Predators zone.
2:56 of 2nd period - Vincent Trocheck is hit by Casey Cizikas.
3:04 of 2nd period - Shot by Vincent Trocheck.
3:04 of 2nd period - Stopped by Steve Mason without a rebound.
3:05 of 2nd period - Bo Horvat wins face-off versus Steven Stamkos in Flyers zone.
3:32 of 2nd period - Shot by Bo Horvat.
3:32 of 2nd period - Shot Misses the Net.
3:54 of 2nd period - Shot by Max Pacioretty.
3:54 of 2nd period - Shot Misses the Net.
5:28 of 2nd period - Shot by Vincent Trocheck.
5:28 of 2nd period - Shot Misses the Net.
6:23 of 2nd period - Shot by Steven Stamkos.
6:23 of 2nd period - Stopped by Steve Mason with a rebound.
6:25 of 2nd period - Shot by John Moore.
6:25 of 2nd period - Stopped by Steve Mason without a rebound.
6:26 of 2nd period - Chris Kelly wins face-off versus Alexander Killorn in Flyers zone.
6:33 of 2nd period - Shot by Alexander Killorn.
6:33 of 2nd period - Stopped by Pekka Rinne without a rebound.
6:34 of 2nd period - Bo Horvat wins face-off versus Chris Kelly in Predators zone.
6:53 of 2nd period - Shot by Bo Horvat.
6:53 of 2nd period - Stopped by Pekka Rinne without a rebound.
6:54 of 2nd period - Steven Stamkos wins face-off versus Alexander Killorn in Predators zone.
6:59 of 2nd period - Alexander Killorn is hit by Kevin Hayes and loses puck.
7:46 of 2nd period - Shot by Bo Horvat.
7:46 of 2nd period - Stopped by Pekka Rinne without a rebound.
7:47 of 2nd period - Nicklas Backstrom wins face-off versus Casey Cizikas in Predators zone.
7:49 of 2nd period - Icing by Max Pacioretty.
7:50 of 2nd period - Nicklas Backstrom wins face-off versus Bo Horvat in Predators zone.
7:50 of 2nd period - Nicklas Backstrom is hit by Scott Hartnell.
8:01 of 2nd period - Nicklas Backstrom is hit by Damon Severson and loses puck.
8:53 of 2nd period - Shot by Vincent Trocheck.
8:53 of 2nd period - Shot Misses the Net.
8:56 of 2nd period - Vincent Trocheck is hit by Jonathan Ericsson and loses puck.
9:10 of 2nd period - Shot by Vincent Trocheck.
9:10 of 2nd period - Shot Misses the Net.
9:12 of 2nd period - Shot by Vincent Trocheck.
9:12 of 2nd period - Stopped by Steve Mason without a rebound.
9:13 of 2nd period - Kevin Hayes wins face-off versus Andre Burakovsky in Flyers zone.
9:56 of 2nd period - Matt Benning is hit by Kevin Hayes and loses puck.
10:51 of 2nd period - Shot by Calle Jarnkrok.
10:51 of 2nd period - Stopped by Pekka Rinne without a rebound.
10:52 of 2nd period - Nicklas Backstrom wins face-off versus Jori Lehtera in Predators zone.
11:19 of 2nd period - Shot by Vladislav Namestnikov.
11:19 of 2nd period - Goal by Vladislav Namestnikov - Predators : 1 - Flyers : 1.
11:20 of 2nd period - Joel Ward wins face-off versus Vincent Trocheck in neutral zone.
11:29 of 2nd period - Shot by Calle Jarnkrok.
11:29 of 2nd period - Deflect By Casey Cizikas.
11:29 of 2nd period - Shot Misses the Net.
11:31 of 2nd period - Shot by Joel Ward.
11:31 of 2nd period - Shot Misses the Net.
11:33 of 2nd period - Shot by Calle Jarnkrok.
11:33 of 2nd period - Stopped by Pekka Rinne without a rebound.
11:34 of 2nd period - Steven Stamkos wins face-off versus Scott Hartnell in Predators zone.
11:34 of 2nd period - Steven Stamkos is hit by Scott Hartnell.
12:28 of 2nd period - Shot by Nicklas Backstrom.
12:28 of 2nd period - Shot Misses the Net.
12:30 of 2nd period - Shot by Nicklas Backstrom.
12:30 of 2nd period - Stopped by Steve Mason without a rebound.
12:31 of 2nd period - Casey Cizikas wins face-off versus Vincent Trocheck in Flyers zone.
12:46 of 2nd period - Casey Cizikas is hit by Elias Lindholm and loses puck.
13:12 of 2nd period - Icing by Troy Stecher.
13:13 of 2nd period - Nicklas Backstrom wins face-off versus Calle Jarnkrok in Flyers zone.
14:28 of 2nd period - Shot by Andre Burakovsky.
14:28 of 2nd period - Goal by Andre Burakovsky - Predators : 1 - Flyers : 2.
14:29 of 2nd period - Vincent Trocheck wins face-off versus Bo Horvat in neutral zone.
14:34 of 2nd period - Shot by J.T. Miller.
14:34 of 2nd period - Shot Misses the Net.
14:42 of 2nd period - Shot by Elias Lindholm.
14:42 of 2nd period - Shot Misses the Net.
14:56 of 2nd period - Shot by Thomas Vanek.
14:56 of 2nd period - Shot Misses the Net.
14:58 of 2nd period - Shot by Scott Hartnell.
14:58 of 2nd period - Deflect By Bo Horvat.
14:58 of 2nd period - Shot Blocked by Connor Murphy.
15:00 of 2nd period - Shot by Jonathan Ericsson.
15:00 of 2nd period - Shot Misses the Net.
15:21 of 2nd period - Off-side.
15:22 of 2nd period - Nicklas Backstrom wins face-off versus Alexander Killorn in neutral zone.
15:25 of 2nd period - Shot by Max Pacioretty.
15:25 of 2nd period - Shot Blocked by Ben Hutton.
15:35 of 2nd period - Shot by Andre Burakovsky.
15:35 of 2nd period - Stopped by Pekka Rinne without a rebound.
15:36 of 2nd period - Jori Lehtera wins face-off versus Steven Stamkos in Predators zone.
15:51 of 2nd period - Shot by Kyle Brodziak.
15:51 of 2nd period - Shot Misses the Net.
16:21 of 2nd period - Shot by Josh Ho-Sang.
16:21 of 2nd period - Shot Misses the Net.
16:23 of 2nd period - Shot by Jonathan Ericsson.
16:23 of 2nd period - Stopped by Pekka Rinne with a rebound.
16:37 of 2nd period - Shot by Andre Burakovsky.
16:37 of 2nd period - Stopped by Pekka Rinne without a rebound.
16:38 of 2nd period - Bo Horvat wins face-off versus Max Pacioretty in Predators zone.
16:45 of 2nd period - Shot by Thomas Vanek.
16:45 of 2nd period - Stopped by Pekka Rinne without a rebound.
16:46 of 2nd period - Casey Cizikas wins face-off versus Nicklas Backstrom in Predators zone.
16:46 of 2nd period - Casey Cizikas is hit by John Moore.
17:08 of 2nd period - Shot by Joel Ward.
17:08 of 2nd period - Shot Misses the Net.
17:19 of 2nd period - Calle Jarnkrok is hit by John Moore and loses puck.
17:38 of 2nd period - Shot by Bo Horvat.
17:38 of 2nd period - Deflect By Thomas Vanek.
17:38 of 2nd period - Shot Misses the Net.
17:54 of 2nd period - Shot by Thomas Vanek.
17:54 of 2nd period - Shot Misses the Net.
17:56 of 2nd period - Shot by Bo Horvat.
17:56 of 2nd period - Goal by Bo Horvat - Predators : 1 - Flyers : 3.
17:57 of 2nd period - Vincent Trocheck wins face-off versus Josh Ho-Sang in neutral zone.
18:16 of 2nd period - Shot by Elias Lindholm.
18:16 of 2nd period - Goal by Elias Lindholm - Predators : 2 - Flyers : 3.
18:17 of 2nd period - Steven Stamkos wins face-off versus Jori Lehtera in neutral zone.
18:19 of 2nd period - Off-side.
18:20 of 2nd period - Bo Horvat wins face-off versus Steven Stamkos in neutral zone.
18:37 of 2nd period - Shot by Bo Horvat.
18:37 of 2nd period - Shot Misses the Net.
19:57 of 2nd period - Icing by Connor Murphy.
19:58 of 2nd period - Casey Cizikas wins face-off versus Vincent Trocheck in Predators zone.
19:59 of 2nd period - Shot by Joel Ward.
19:59 of 2nd period - Shot Blocked by Elias Lindholm.
Goals for this period are 2 for Predators vs 2 for Flyers.
Shots for this period are 7 for Predators vs 14 for Flyers.

3rd period


0:01 of 3rd period - Nicklas Backstrom wins face-off versus Bo Horvat in neutral zone.
0:06 of 3rd period - Icing by Jonathan Ericsson.
0:07 of 3rd period - Bo Horvat wins face-off versus Nicklas Backstrom in Flyers zone.
0:11 of 3rd period - Icing by Thomas Vanek.
0:12 of 3rd period - Bo Horvat wins face-off versus Nicklas Backstrom in Flyers zone.
0:12 of 3rd period - Bo Horvat is hit by Max Pacioretty.
0:38 of 3rd period - Shot by Nicklas Backstrom.
0:38 of 3rd period - Shot Misses the Net.
0:40 of 3rd period - Shot by John Moore.
0:40 of 3rd period - Stopped by Steve Mason with a rebound.
0:42 of 3rd period - Shot by John Moore.
0:42 of 3rd period - Stopped by Steve Mason without a rebound.
0:43 of 3rd period - Alexander Killorn wins face-off versus J.T. Miller in Flyers zone.
0:51 of 3rd period - Icing by Roman Josi.
0:52 of 3rd period - Casey Cizikas wins face-off versus Vincent Trocheck in Predators zone.
1:31 of 3rd period - Andrew MacDonald is hit by Elias Lindholm and loses puck.
2:07 of 3rd period - Shot by Max Pacioretty.
2:07 of 3rd period - Stopped by Steve Mason without a rebound.
2:08 of 3rd period - Steven Stamkos wins face-off versus Alexander Killorn in Flyers zone.
2:17 of 3rd period - Shot by Steven Stamkos.
2:17 of 3rd period - Deflect By Jaden Schwartz.
2:17 of 3rd period - Stopped by Steve Mason without a rebound.
2:18 of 3rd period - Jori Lehtera wins face-off versus Chris Kelly in Flyers zone.
3:07 of 3rd period - Milan Michalek is hit by Scott Hartnell and loses puck.
3:20 of 3rd period - Shot by Thomas Vanek.
3:20 of 3rd period - Stopped by Pekka Rinne without a rebound.
3:21 of 3rd period - Nicklas Backstrom wins face-off versus Alexander Killorn in Predators zone.
3:52 of 3rd period - Shot by John Moore.
3:52 of 3rd period - Stopped by Steve Mason without a rebound.
3:53 of 3rd period - Steven Stamkos wins face-off versus Bo Horvat in Flyers zone.
3:56 of 3rd period - Shot by Jaden Schwartz.
3:56 of 3rd period - Goal by Jaden Schwartz - Predators : 3 - Flyers : 3.
3:57 of 3rd period - Steven Stamkos wins face-off versus Bo Horvat in neutral zone.
4:02 of 3rd period - Shot by Kevin Hayes.
4:02 of 3rd period - Stopped by Steve Mason without a rebound.
4:03 of 3rd period - Bo Horvat wins face-off versus Steven Stamkos in Flyers zone.
4:09 of 3rd period - Minor Penalty to Steven Stamkos for Slashing.
4:10 of 3rd period - Bo Horvat wins face-off versus Chris Kelly in Predators zone.
4:11 of 3rd period - Shot by Thomas Vanek.
4:11 of 3rd period - Shot Misses the Net.
4:13 of 3rd period - Shot by Bo Horvat.
4:13 of 3rd period - Stopped by Pekka Rinne without a rebound.
4:14 of 3rd period - Chris Kelly wins face-off versus Bo Horvat in Predators zone.
4:20 of 3rd period - Icing by Troy Stecher.
4:21 of 3rd period - Bo Horvat wins face-off versus Chris Kelly in Flyers zone.
4:28 of 3rd period - Roman Josi is hit by Thomas Vanek and loses puck.
4:47 of 3rd period - Shot by Thomas Vanek.
4:47 of 3rd period - Stopped by Pekka Rinne without a rebound.
4:48 of 3rd period - Casey Cizikas wins face-off versus Chris Kelly in Predators zone.
5:46 of 3rd period - Shot by Scott Hartnell.
5:46 of 3rd period - Stopped by Pekka Rinne without a rebound.
5:47 of 3rd period - Chris Kelly wins face-off versus Bo Horvat in Predators zone.
5:47 of 3rd period - Chris Kelly is hit by Thomas Vanek.
6:09 of 3rd period - Troy Stecher is hit by Steven Stamkos.
6:33 of 3rd period - Shot by Kevin Hayes.
6:33 of 3rd period - Stopped by Steve Mason with a rebound.
6:43 of 3rd period - Shot by Steven Stamkos.
6:43 of 3rd period - Stopped by Steve Mason without a rebound.
6:44 of 3rd period - J.T. Miller wins face-off versus Alexander Killorn in Flyers zone.
6:59 of 3rd period - Icing by Damon Severson.
7:00 of 3rd period - Nicklas Backstrom wins face-off versus Alexander Killorn in Flyers zone.
7:03 of 3rd period - Shot by Max Pacioretty.
7:03 of 3rd period - Goal by Max Pacioretty - Predators : 4 - Flyers : 3.
7:04 of 3rd period - Nicklas Backstrom wins face-off versus Bo Horvat in neutral zone.
7:09 of 3rd period - Shot by Vladislav Namestnikov.
7:09 of 3rd period - Stopped by Steve Mason with a rebound.
7:11 of 3rd period - Shot by Max Pacioretty.
7:11 of 3rd period - Stopped by Steve Mason without a rebound.
7:12 of 3rd period - Vincent Trocheck wins face-off versus Alexander Killorn in Flyers zone.
7:35 of 3rd period - Shot by Alexander Killorn.
7:35 of 3rd period - Shot Misses the Net.
7:57 of 3rd period - Andrew MacDonald is hit by Vincent Trocheck and loses puck.
8:53 of 3rd period - Icing by John Moore.
8:54 of 3rd period - Nicklas Backstrom wins face-off versus Casey Cizikas in Predators zone.
9:25 of 3rd period - Shot by Joel Ward.
9:25 of 3rd period - Shot Blocked by Connor Murphy.
9:46 of 3rd period - Icing by Connor Murphy.
9:47 of 3rd period - Steven Stamkos wins face-off versus Jori Lehtera in Predators zone.
9:47 of 3rd period - Minor Penalty to Riley Sheahan for Roughing.
9:48 of 3rd period - Steven Stamkos wins face-off versus Kyle Brodziak in Flyers zone.
9:59 of 3rd period - Shot by Roman Josi.
9:59 of 3rd period - Shot Blocked by Kyle Brodziak.
10:01 of 3rd period - Shot by Vincent Trocheck.
10:01 of 3rd period - Shot Blocked by Damon Severson.
12:20 of 3rd period - Nikita Zadorov is hit by Bo Horvat and loses puck.
13:20 of 3rd period - Icing by Riley Sheahan.
13:21 of 3rd period - Nicklas Backstrom wins face-off versus Jori Lehtera in Flyers zone.
14:14 of 3rd period - Shot by Kevin Hayes.
14:14 of 3rd period - Stopped by Steve Mason without a rebound.
14:15 of 3rd period - Bo Horvat wins face-off versus Steven Stamkos in Flyers zone.
14:23 of 3rd period - Icing by Connor Murphy.
14:24 of 3rd period - Alexander Killorn wins face-off versus Steven Stamkos in Predators zone.
14:33 of 3rd period - Nikita Zadorov is hit by Alexander Killorn and loses puck.
15:18 of 3rd period - Shot by J.T. Miller.
15:18 of 3rd period - Stopped by Steve Mason without a rebound.
15:19 of 3rd period - Nicklas Backstrom wins face-off versus Casey Cizikas in Flyers zone.
15:24 of 3rd period - Shot by Nicklas Backstrom.
15:24 of 3rd period - Stopped by Steve Mason without a rebound.
15:25 of 3rd period - Vladislav Namestnikov wins face-off versus Bo Horvat in Flyers zone.
15:56 of 3rd period - Shot by Nicklas Backstrom.
15:56 of 3rd period - Deflect By Vladislav Namestnikov.
15:56 of 3rd period - Stopped by Steve Mason without a rebound.
15:57 of 3rd period - Casey Cizikas wins face-off versus Steven Stamkos in Flyers zone.
15:57 of 3rd period - Casey Cizikas is hit by Kevin Hayes.
16:28 of 3rd period - Casey Cizikas is hit by John Moore and loses puck.
18:06 of 3rd period - Shot by Scott Hartnell.
18:06 of 3rd period - Deflect By Bo Horvat.
18:06 of 3rd period - Shot Misses the Net.
18:08 of 3rd period - Shot by Bo Horvat.
18:08 of 3rd period - Stopped by Pekka Rinne with a rebound.
18:09 of 3rd period - Minor Penalty to Connor Murphy for Holding.
18:10 of 3rd period - Bo Horvat wins face-off versus Steven Stamkos in Predators zone.
18:19 of 3rd period - Shot by Troy Stecher.
18:19 of 3rd period - Shot Misses the Net.
18:21 of 3rd period - Shot by Bo Horvat.
18:21 of 3rd period - Shot Blocked by Nick Leddy.
18:23 of 3rd period - Shot by Damon Severson.
18:23 of 3rd period - Shot Blocked by Max Pacioretty.
18:25 of 3rd period - Shot by Bo Horvat.
18:25 of 3rd period - Stopped by Pekka Rinne without a rebound.
18:26 of 3rd period - Steven Stamkos wins face-off versus Bo Horvat in Predators zone.
18:35 of 3rd period - Roman Josi is hit by Damon Severson and loses puck.
18:52 of 3rd period - Shot by Max Pacioretty.
18:52 of 3rd period - Shot Misses the Net.
18:54 of 3rd period - Shot by John Moore.
18:54 of 3rd period - Stopped by Steve Mason without a rebound.
18:55 of 3rd period - Steven Stamkos wins face-off versus Calle Jarnkrok in Flyers zone.
19:01 of 3rd period - Icing by Calle Jarnkrok.
19:02 of 3rd period - Steven Stamkos wins face-off versus Calle Jarnkrok in Flyers zone.
19:02 of 3rd period - Roman Josi is hit by Jonathan Ericsson and loses puck.
19:09 of 3rd period - Flyers, Steve Mason is pulled from the net.
19:09 of 3rd period - Shot by Calle Jarnkrok.
19:09 of 3rd period - Shot Misses the Net.
19:24 of 3rd period - Shot by Casey Cizikas.
19:24 of 3rd period - Shot Misses the Net.
19:28 of 3rd period - Shot by Calle Jarnkrok.
19:28 of 3rd period - Stopped by Pekka Rinne without a rebound.
19:29 of 3rd period - Bo Horvat wins face-off versus J.T. Miller in Predators zone.
Goals for this period are 2 for Predators vs 0 for Flyers.
Shots for this period are 17 for Predators vs 7 for Flyers.